 Dungeon Crawl Stone Soup version 0.31.0 (webtiles) character file.

Game seed: 953367602309410553

1029 puppykicker the Cleaver (level 8, -4/87 (91) HPs)
             Began as a Formicid Cinder Acolyte on Jan 19, 2024.
             Was an Initiate of Hepliaklqana.
             Slain by a fire elemental (14 damage)
             ... created by the fiery vengeance of Ignis
             ... on level 5 of the Dungeon.
             The game lasted 00:11:40 (4495 turns).

puppykicker the Cleaver (Formicid Cinder Acolyte)   Turns: 4495, Time: 00:11:41

HP:   -4/87 (91)    AC: 24    Str: 25    XL:     8   Next: 47%
MP:   9/9           EV:  2    Int: 13    God:    Hepliaklqana [......]
Gold: 262           SH:  0    Dex:  8    Spells: 3/9 levels left

rFire   . . .        h - -1 hand axe (flame)
rCold   + . .        (no shield)
rNeg    . . .        e - melded +1 ring mail
rPois   +            (helmet unavailable)
rElec   +            (cloak currently unavailable)
rCorr   +            (gloves currently unavailable)
SInv    .            f - melded +0 pair of boots
Will    .....        (no amulet)
Stlth   +            (no ring)
HPRegen 0.34/turn    (no ring)
MPRegen 0.11/turn

%: clarity
@: tree-form, resistant, lightly drained, fire susceptible
A: stationary, stasis, torment immunity, boosted hp, permanent stasis, dig
shafts and tunnels, (antennae 3), four strong arms, (hooves 1), clarity, strong
1
a: Renounce Religion


You were on level 5 of the Dungeon.
You worshipped Hepliaklqana.
Hepliaklqana was noncommittal.
You were a tree.
You visited 1 branch of the dungeon, and saw 5 of its levels.

You collected 262 gold pieces.

Inventory:

Hand Weapons
 a - a +0 hand axe
 b - a +0 sling
 h - a -1 hand axe of flaming (weapon)
Missiles
 d - 2 poisoned darts (quivered)
 g - a throwing net
Armour
 e - a +1 ring mail (melded)
 f - a +0 pair of boots (melded)
Scrolls
 i - 2 scrolls of identify
 n - a scroll of enchant armour
 o - a scroll of vulnerability {unknown}
Potions
 k - a potion of brilliance
 l - a potion of magic


   Skills:
 + Level 4.5 Fighting
 * Level 9.0 Axes
 + Level 2.8 Armour
 - Level 1.1 Spellcasting
 - Level 3.0 Fire Magic


You had 3 spell levels left.
You knew the following spells:

 Your Spells              Type           Power      Damage    Failure   Level
a - Scorch                Fire           16%        2d5       12%         2
g - Apportation           Tloc           0%         N/A       28%         1
v - Vampiric Draining     Necr           0%         2d6       63%         3

Your spell library contained the following spells:

 Spells                   Type           Power      Damage    Failure   Level
 Necrotise                Necr           0%         1d4       28%         1
 Slow                     Hex            0%         N/A       28%         1
 Sting                    Conj/Alch      0%         1d3       28%         1
 Summon Small Mammal      Summ           0%         N/A       28%         1
 Confusing Touch          Hex            0%         N/A       63%         3
 Gell's Gravitas          Tloc           0%         N/A       63%         3
 Hailstorm                Conj/Ice       0%         3d5       63%         3
 Ozocubu's Armour         Ice            0%         N/A       63%         3
 Sigil of Binding         Hex            0%         N/A       63%         3
 Summon Ice Beast         Ice/Summ       0%         N/A       63%         3
 Teleport Other           Tloc           0%         N/A       63%         3
 Metabolic Englaciation   Hex/Ice        0%         N/A       100%        5
 Dispersal                Tloc           0%         N/A       100%        6
 Sculpt Simulacrum        Ice/Alch       0%         N/A       100%        6


Dungeon Overview and Level Annotations

Branches:
Dungeon (5/15)
 Temple: D:4-7

Altars:
Dithmenos
Elyvilon
Hepliaklqana
Qazlal
Ru
Sif Muna
Xom

Annotations:
D:4 3 runed translucent doors, BigPumpCobain's ghost, novice TrBe


Innate Abilities, Weirdness & Mutations

You are a tree.
Your roots penetrate the ground, keeping you stationary.
You cannot be teleported.
You are immune to unholy pain and torment.
Your maximum health is greatly increased.
Your equipment is partially melded.
You cannot be hasted, slowed, berserked, paralysed or teleported.
You can dig through walls and to a lower floor.
((You have a pair of large antennae on your head. (SInv)))
Your four strong arms can wield two-handed weapons with a shield.
((You have large cloven feet.))
You possess an exceptional clarity of mind.
Your muscles are strong. (Str +4, Int/Dex -1)


Message History

You see here 17 gold pieces.
Unknown command.
Okay, then.
A gnoll comes into view. It is wielding a +0 spear.
Found an escape hatch in the floor.
The gnoll shouts!
A gnoll comes into view. It is wielding a +0 flail.
The fire elemental hits you. The fire elemental burns you!
You take 11 damage, and have 47/58 hp.
Unknown command.
You feel protected.
A gnoll comes into view. It is wielding a +0 whip.
The fire elemental barely misses you. The fire elemental hits you.
The fire elemental burns you!
You take 13 damage, and have 34/58 hp.
MASSIVE DAMAGE!!
Unknown command.
You turn into a tree.
Your +0 pair of boots melds into your body.
Your +1 ring mail melds into your body.
Your roots penetrate the ground.
The gnoll shouts!
The fire elemental barely misses you. The fire elemental hits you.
The fire elemental burns you! The fire elemental hits you.
The fire elemental burns you!
* * * LOW HITPOINT WARNING * * *
The fire elemental hits you. The fire elemental burns you!
* * * LOW HITPOINT WARNING * * *
You now have 25/87 hp.
Unknown command.
You feel extremely strange.
You feel stronger.
Your thoughts seem clearer.
Your feet thicken and deform.
You feel less confused. The fire elemental hits you.
The fire elemental burns you!
* * * LOW HITPOINT WARNING * * *
The fire elemental hits you. The fire elemental burns you!
* * * LOW HITPOINT WARNING * * *
The fire elemental hits you. x2
* * * LOW HITPOINT WARNING * * *
The fire elemental burns you!
You die...

###########
#..B......#
#.###+###.#
##.#.E○..#.#
###..#♣E.°.#.###
>.gg..#$E_$.#...#
##..g.#.$$$.#.#$# .
#.##.#.....#.....#
# #.##.####.##..
#.#.##.............
........:###...##.
..............##
###.#...[....####.#


You could see 3 fire elementals, a bombardier beetle and 3 gnolls.

Levels and vault maps discovered:
D:1:      dpeg_arrival_long_road, layout_basic, item_on_display_b
D:2:      layout_basic
D:3:      layout_basic, nicolae_overflow_squiral, uniq_sigmund
D:4:      layout_loops_cross, regret_index_xom_buried_treasure,
          lemuel_tele_altar, lemuel_coloured_pillars_altar,
          nicolae_dithmenos_the_darkroom, ebering_ghost_rock_garden
D:5:      layout_loops_ring, amcnicky_altar_gilded, lemuel_temple_firewalk_a,
          uniq_menkaure, uniq_prince_ribbit1

Notes
Turn   | Place    | Note
-------+----------+-------------------------------------------
     0 | D:1      | puppykicker the Formicid Cinder Acolyte began the quest for
                  | the Orb.
     0 | D:1      | Reached XP level 1. HP: 18/18 MP: 2/2
     5 | D:1      | Identified a +0 club
     7 | D:1      | Identified a -1 hand axe of flaming
    85 | D:1      | Reached XP level 2. HP: 21/24 MP: 3/3
   145 | D:1      | Learned a level 2 spell: Scorch
   409 | D:1      | Identified a +0 robe
   559 | D:1      | Reached skill level 4 in Axes
   559 | D:1      | Reached XP level 3. HP: 29/29 MP: 4/4
   621 | D:1      | Identified 2 scrolls of identify
   621 | D:1      | Identified a potion of resistance
   939 | D:2      | Identified a +0 club
  1063 | D:2      | Identified a +0 dagger
  1063 | D:2      | Identified a +0 sling
  1064 | D:2      | Identified a +0 dagger
  1236 | D:2      | Learned a level 1 spell: Apportation
  1275 | D:2      | Identified a +0 robe
  1285 | D:2      | Identified a +0 dagger
  1474 | D:2      | Identified a +0 spear
  1476 | D:2      | Identified a +0 flail
  1476 | D:2      | Identified a +3 whip
  1476 | D:2      | Identified a +0 club
  1481 | D:2      | Reached XP level 4. HP: 34/35 MP: 5/5
  1483 | D:2      | Reached skill level 5 in Axes
  1509 | D:3      | Identified a +0 flail
  1509 | D:3      | Identified a +0 dagger
  1509 | D:3      | Identified a +0 robe
  1509 | D:3      | Identified a +0 club
  1509 | D:3      | Identified a +0 falchion
  1513 | D:3      | Reached XP level 5. HP: 41/41 MP: 6/6
  1513 | D:3      | Identified a +0 dagger
  1513 | D:3      | Identified a +0 robe
  1524 | D:3      | Reached skill level 6 in Axes
  1728 | D:3      | Reached XP level 6. HP: 41/47 MP: 7/7
  1774 | D:2      | Identified a +0 ring mail
  1800 | D:3      | Identified a +0 dagger of speed
  1962 | D:3      | Found a white marble altar of Elyvilon.
  1965 | D:3      | Found a stormy altar of Qazlal.
  1978 | D:3      | Identified a +0 scythe
  1978 | D:3      | Identified a +0 robe
  1978 | D:3      | Noticed Sigmund
  1986 | D:3      | Killed Sigmund
  1987 | D:3      | Reached skill level 7 in Axes
  1997 | D:3      | Identified a scroll of silence
  2056 | D:3      | Identified a scroll of amnesia
  2162 | D:3      | Identified a +0 club
  2164 | D:3      | Identified a +0 flail
  2164 | D:3      | Identified a +0 dagger
  2164 | D:3      | Identified a +0 robe
  2165 | D:3      | Identified a +0 hand axe
  2165 | D:3      | Identified a +0 mace
  2165 | D:3      | Identified a +0 leather armour
  2168 | D:3      | Reached XP level 7. HP: 43/52 MP: 8/8
  2174 | D:3      | Identified a +0 short sword
  2249 | D:3      | Identified 3 scrolls of teleportation
  2399 | D:3      | Identified a +0 club
  2413 | D:3      | Identified a +0 club
  2430 | D:3      | Identified a scroll of blinking
  2609 | D:3      | Identified a +0 hand axe
  2732 | D:4      | Identified a +0 pair of boots
  2780 | D:4      | Found a shadowy altar of Dithmenos.
  2851 | D:4      | Identified a potion of mutation
  2898 | D:4      | Identified the orb "Ucwi" {mayhem, Str-5 Int-2 Hexes Tloc}
  2901 | D:4      | Identified a scroll of enchant armour
  2923 | D:4      | Identified a +0 dagger
  2967 | D:4      | Found a runed translucent gate.
  2967 | D:4      | Found a runed translucent gate.
  2968 | D:4      | Found a runed translucent gate.
  2968 | D:4      | Noticed BigPumpCobain's ghost (novice TrBe)
  2986 | D:4      | Learned a level 3 spell: Vampiric Draining
  3010 | D:4      | Identified a +0 club
  3163 | D:4      | Identified a potion of brilliance
  3309 | D:4      | Identified a +0 mace
  3317 | D:4      | Found a hazy altar of Hepliaklqana.
  3366 | D:4      | Found a shimmering altar of Xom.
  3425 | D:4      | Identified a +0 helmet
  3454 | D:4      | Identified a potion of lignification
  3455 | D:4      | Identified a potion of magic
  3500 | D:4      | Found a shimmering blue altar of Sif Muna.
  3582 | D:5      | Entered Level 5 of the Dungeon
  3617 | D:5      | Noticed Prince Ribbit
  3621 | D:5      | Noticed Menkaure
  3642 | D:5      | Killed Menkaure
  3642 | D:5      | Killed Prince Ribbit
  3643 | D:5      | Reached skill level 8 in Axes
  3643 | D:5      | Reached skill level 1 in Armour
  3774 | D:5      | Reached XP level 8. HP: 29/60 MP: 9/9
  3925 | D:5      | Identified a +0 spear
  3925 | D:5      | Identified a +0 flail
  3925 | D:5      | Identified a +0 spear
  3925 | D:5      | Identified a +0 spear
  3985 | D:5      | Reached skill level 4 in Fighting
  4128 | D:5      | Reached skill level 2 in Armour
  4294 | D:5      | Identified a +0 dagger
  4294 | D:5      | Identified a +0 robe
  4294 | D:5      | Identified a +0 hand axe
  4295 | D:5      | Identified a +0 dagger
  4295 | D:5      | Identified a +0 leather armour
  4295 | D:5      | Identified a +0 club
  4295 | D:5      | Identified a +0 ring mail
  4420 | D:4      | Fell from the grace of Ignis
  4420 | D:4      | Became a worshipper of Hepliaklqana the Forgotten
  4447 | D:5      | Found a sacrificial altar of Ru.
  4454 | D:5      | Reached skill level 9 in Axes
  4491 | D:5      | Noticed a fire elemental
  4491 | D:5      | Noticed a fire elemental
  4491 | D:5      | Noticed a fire elemental
  4492 | D:5      | Identified a +0 spear
  4492 | D:5      | Identified a +0 flail
  4493 | D:5      | Identified a +0 whip
  4495 | D:5      | Gained mutation: Your muscles are strong. (Str +4, Int/Dex
                  | -1) [potion of mutation]
  4495 | D:5      | Gained mutation: You possess an exceptional clarity of
                  | mind. [potion of mutation]
  4495 | D:5      | Gained mutation: You have large cloven feet. [potion of
                  | mutation]
  4495 | D:5      | HP: 16/87 [fire elemental[the fiery vengeance of Ignis]
                  | (9)]
  4495 | D:5      | Slain by a fire elemental

Table legend: (Time is in decaauts)
 A = Elapsed time spent in this place.
 B = Non-inter-level travel time spent in this place.
 C = Inter-level travel time spent in this place.
 D = Time resting spent in this place.
 E = Time spent auto-exploring this place.
 F = Levels seen in this place.
 G = Mean time per level.
                   A        B        C        D        E       F      G
               +--------+--------+--------+--------+--------+-----+--------+
         Total |   4491 |   4217 |    274 |    919 |   2491 |   5 |  898.2 |
       Dungeon |   4491 |   4217 |    274 |    919 |   2491 |   5 |  898.2 |
               +--------+--------+--------+--------+--------+-----+--------+

Top non-repeatable levels by time:
     D:3: 1159 daAuts
     D:4: 986 daAuts
     D:1: 879 daAuts
     D:5: 767 daAuts
     D:2: 698 daAuts

Table legend:
 A = Kills in this place as a percentage of kills in the entire game.
 B = Kills by you in this place as a percentage of kills by you in the entire game.
 C = Kills by friends in this place as a percentage of kills by friends in the entire game.
 D = Other kills in this place as a percentage of other kills in the entire game.
 E = Experience gained in this place as a percentage of experience gained in the entire game.
 F = Experience gained in this place divided by the number of levels of this place that you have seen.
                   A       B       C       D       E      F
               +-------+-------+-------+-------+-------+----------------------
         Total | 100.0 | 100.0 |   N/A |   N/A | 100.0 | 294.2
       Dungeon | 100.0 | 100.0 |   N/A |   N/A | 100.0 | 294.2
               +-------+-------+-------+-------+-------+----------------------

Skill      XL: |  1  2  3  4  5  6  7  8 |
---------------+-------------------------+-----
Axes           | 4 5 6 7 8 9 |  9.0
Armour         | 1 2 |  2.8
Fighting       | 4 |  4.5
Spellcasting   | |  1.1
Fire Magic     | |  3.0

Action                     |  1- 3 |  4- 6 |  7- 9 || total
---------------------------+-------+-------+-------++-------
  Melee: Hand axe          |    57 |    24 |   132 ||   213
         Punch             |     1 |       |     2 ||     3
   Fire: Sling             |    14 |     4 |       ||    18
  Throw: Dart              |       |       |     1 ||     1
   Cast: Apportation       |       |       |     2 ||     2
 Invoke: Foxfire Swarm     |     2 |     4 |     3 ||     9
Ability: Dig               |     1 |       |     1 ||     2
    Use: Scroll            |     1 |     2 |     7 ||    10
         Potion            |       |       |     3 ||     3
 Armour: Robe              |    30 |    15 |       ||    45
         Ring mail         |       |    14 |    80 ||    94
         Skin              |       |       |    14 ||    14
  Dodge: Dodged            |    37 |    16 |    60 ||   113

Vanquished Creatures
  Prince Ribbit (D:5)
  Sigmund (D:3)
  Menkaure (D:5)
  A howler monkey (D:5)
  A hound (D:5)
  3 bombardier beetles
  2 orc priests
  3 jellies (D:5)
  An iguana (D:5)
  4 orc wizards
  5 adders
  8 gnolls
  4 dart slugs
  9 orcs
  5 bats (D:1)
  4 endoplasms
  3 giant cockroaches
  6 goblins
  9 hobgoblins
  A quokka (D:4)
  5 ball pythons
  2 frilled lizards (D:1)
  3 kobolds
  6 rats
88 creatures vanquished.

Vanquished Creatures (others)
  140 foxfires
140 creatures vanquished.

Grand Total: 228 creatures vanquished
